 Dungeon Crawl Stone Soup version 0.17-a0-968-gf8e1f1d (webtiles) character file.

42 Gorice the Conjurer (level 3, -4/20 HPs)
             Began as a Gargoyle Wanderer on May 9, 2015.
             Killed by nerve-wracking pain
             ... invoked by Jessica
              (10 damage)
             ... on level 2 of the Dungeon.
             The game lasted 00:05:03 (1036 turns).

Gorice the Conjurer (Gargoyle Wanderer)             Turns: 1036, Time: 00:05:03

Health: -4/20      AC: 11    Str: 15    XL:     3   Next: 54%
Magic:  11/13      EV:  6    Int: 15    God:
Gold:   30         SH:  0    Dex: 10    Spells: 2 memorised, 2 levels left

rFire  . . .     SeeInvis .     a - +3 hand axe
rCold  . . .     Clarity  .     g - +0 chain mail
rNeg   + . .     SustAb   .     (no shield)
rPois  ∞         Gourm    .     (no helmet)
rElec  +         Spirit   .     (no cloak)
rCorr  .         Warding  .     (no gloves)
rMut   .         Stasis   .     (no boots)
MR     .....                    (no amulet)
Stlth  ..........               Y - ring of magical power
                                h - +3 ring of dexterity

@: not resistant to hostile enchantments, extremely unstealthy
A: negative energy resistance 1, electricity resistance, unbreathing,
petrification resistance, rot immunity, AC +3
a: no special abilities


You were on level 2 of the Dungeon.
You were not hungry.

You visited 1 branch of the dungeon, and saw 2 of its levels.

You collected 30 gold pieces.

Inventory:

Hand weapons
 a - a +3 hand axe (weapon)
 j - a +0 hunting sling
Missiles
 f - 12 sling bullets of flame
 i - 14 poisoned needles
 Z - 96 stones (quivered)
Armour
 d - a +0 robe
 g - a +0 chain mail (worn)
Jewellery
 h - a +3 ring of dexterity (left hand)
 Y - a ring of magical power (right hand)
Potions
 m - a potion of degeneration {unknown}
 n - a potion of heal wounds {unknown}
Books
 b - the Compendium of Poison

   Spells                             Type                      Level
   a - Sting                          Conjuration/Poison           1
   b - Ignite Poison                  Fire/Transmutation/Poison    3
 c - Irchuning's Papyrus of Attacks

   Spells                             Type                      Level
   a - Shock                          Conjuration/Air              1
   b - Throw Flame                    Conjuration/Fire             2
Comestibles
 e - a bread ration {!e}
 l - a meat ration {!e}
 p - 3 chunks of flesh


   Skills:
 - Level 1.1 Fighting
 * Level 2.9 Axes
 - Level 1.0 Throwing
 - Level 1.1 Stealth
 - Level 1.0 Spellcasting
 - Level 3.9 Conjurations
   Level 1.0 Transmutations


You had 2 spell levels left.
You knew the following spells:

 Your Spells              Type           Power        Failure   Level  Hunger
a - Sting                 Conj/Pois      #...         100%        1    ##.....
b - Shock                 Conj/Air       #...         100%        1    ##.....


Dungeon Overview and Level Annotations

Branches:
Dungeon (2/15)

Altars:

Annotations:
D:2 Jessica


Innate Abilities, Weirdness & Mutations

You are resistant to torment.
Your stone body is resilient (AC +3).
You are immune to poison.
You resist negative energy.
You are resistant to electric shocks.
You can survive without breathing.
You are immune to petrification.
You are immune to rotting.


Message History

Some of the chunks of flesh in your inventory have rotted away.
Found a stone staircase leading down.
You slash the adder!
The adder is severely wounded.
The adder closely misses you. The adder bites you but does no damage.
You hit the adder.
You kill the adder!
There is a stone staircase leading down here.
You open the door.
There is an open door here.
You open the door.
There is an open door here.
Z - 96 stones (gained 16)
Y - a large garnet ring Put on which piece of jewellery? (? for menu, Esc to quit)
You feel your magic capacity increase.
Y - a ring of magical power (right hand)
You open the door.
There is an open door here.
Found a stone staircase leading down.
Eating one of 4 chunks of flesh.
This raw flesh tastes terrible.
You continue eating. x2
Found a ring mail.
A bat and Jessica come into view.
Jessica moves out of view.
The bat barely misses you. The bat hits you but does no damage.
You closely miss the bat. The bat barely misses you.
You closely miss the bat. The bat hits you. The bat barely misses you.
Damage: 1 (max 1)
You slash the bat!
You kill the bat!
Jessica says, "I'm really upset."
Jessica casts a spell.
Jessica seems to speed up.
Jessica hits you but does no damage. Jessica hits you with a dagger.
Damage: 1 (max 1)
You closely miss Jessica. Jessica gestures at you while chanting.
Pain shoots through your body!
Ouch! That really hurt!
* * * LOW HITPOINT WARNING * * *
Jessica hits you but does no damage.
Damage: 12 (max 12)
You closely miss Jessica. Jessica hits you but does no damage.
You hit Jessica.
Jessica is heavily wounded.
Jessica casts a spell at you. Pain shoots through your body!
Ouch! That really hurt!
You die...

#.####. #########.####.
..........>....
#####.........
##..#....#.#
#...#.#..#.#
###..##.#..#.#
###########.......#.....
......@@.##.#######.....
##...###..#.# #..##. +.
+......# #..##. ####.###
#..##. #.. #..##. ....
#..... #..... #.####
#...... ###'####
#....... #.......


You could see Jessica.

Vanquished Creatures
  An adder (D:2)
  A giant gecko (D:1)
  4 bats
  A giant cockroach (D:1)
  3 hobgoblins (D:1)
  2 jackals (D:1)
  5 kobolds (D:1)
  2 giant newts (D:1)
  6 goblins (D:1)
  3 rats (D:1)
28 creatures vanquished.

Notes
Turn   | Place    | Note
--------------------------------------------------------------
     0 | D:1      | Gorice, the Gargoyle Wanderer, began the quest for the Orb.
     0 | D:1      | Gorice set off with: a +2 hand axe, the Compendium of Poison, Irchuning's Papyrus of Attacks, a +0 robe, a bread ration {!e}
     0 | D:1      | Reached XP level 1. HP: 12/12 MP: 2/2
     0 | D:1      | Identified the Compendium of Poison
     0 | D:1      | Identified Irchuning's Papyrus of Attacks
     2 | D:1      | Learned a level 1 spell: Sting
     4 | D:1      | Learned a level 1 spell: Shock
    73 | D:1      | Reached skill level 2 in Axes
   142 | D:1      | Reached XP level 2. HP: 13/16 MP: 3/3
   718 | D:1      | Reached XP level 3. HP: 20/20 MP: 4/4
  1028 | D:2      | Noticed Jessica
  1034 | D:2      | HP: 6/20 [Jessica/nerve-wracking pain (12)]
  1036 | D:2      | Killed from afar by Jessica

Action                   || total
-------------------------++-------
Melee: Hand axe          ||   117
  Use: Scroll            ||     2
  Eat: Chunk             ||     1

Table legend:
 A = Turns spent in this place as a percentage of turns spent in the entire game.
 B = Non-inter-level travel turns spent in this place as a percentage of non-inter-level travel turns spent in the entire game.
 C = Inter-level travel turns spent in this place as a percentage of turns spent in this place.
 D = Turns resting spent in this place as a percentage of non-inter-level travel turns spent in this place.
 E = Turns spent auto-exploring this place as a percentage of non-inter-level travel turns spent in this place.
 F = Non-inter-level travel turns spent in this place divided by the number of levels of this place that you've seen.
                   A       B       C       D       E      F
               +-------+-------+-------+-------+-------+----------------------
         Total | 100.0 | 100.0 |   0.3 |   0.0 |  10.2 | 181.0
       Dungeon | 100.0 | 100.0 |   0.3 |   0.0 |  10.2 | 181.0
               +-------+-------+-------+-------+-------+----------------------

Vault maps used:
D:1:      lemuel_arrival_muddy, nrook_uturn, corner_web_ring
D:2:      nrook_mini_vaults, uniq_jessica
